 Dungeon Crawl Stone Soup version 0.27-a0-1579-g97d2440184 (webtiles) character file.

Game seed: 1744047202315669059

97 elagabalus the Ruffian (level 4, 38/38 HPs)
             Began as a Ghoul Monk on July 18, 2021.
             Quit the game on level 3 of the Dungeon.
             The game lasted 00:16:59 (1869 turns).

elagabalus the Ruffian (Ghoul Monk)                 Turns: 1869, Time: 00:17:00

Health: 38/38      AC:  8    Str: 20    XL:     4   Next: 68%
Magic:  3/3        EV: 27    Int:  5    God:
Gold:   111        SH:  0    Dex: 12    Spells: 3/3 levels left

rFire    . . .     SeeInvis .     - Unarmed
rCold    + . .     Faith    .   (no shield)
rNeg     + + +     Spirit   .   a - +0 robe
rPois    ∞         Reflect  .   o - +0 helmet
rElec    .         Harm     .   (no cloak)
rCorr    .         Rampage  .   (no gloves)
Will     .....                  d - +0 pair of boots
Stlth    ++........             h - amulet of the acrobat
HPRegen  0.12/turn              i - +4 ring of protection
MPRegen  0.08/turn              j - +6 ring of strength

@: acrobatic
A: claws 1, cold resistance 1, negative energy resistance 3, inhibited
regeneration, torment resistance 2
a: no special abilities


You were on level 3 of the Dungeon.
You visited 1 branch of the dungeon, and saw 3 of its levels.

You collected 111 gold pieces.

Inventory:

Armour
 a - a +0 robe (worn)
 d - a +0 pair of boots (worn)
 o - a +0 helmet (worn)
Jewellery
 h - an amulet of the acrobat (around neck)
 i - a +4 ring of protection (left claw)
 j - a +6 ring of strength (right claw)
 n - an amulet of magic regeneration
Wands
 r - a wand of charming (8)
Scrolls
 c - a scroll of teleportation
 k - 2 scrolls of amnesia
 p - a scroll of immolation {unknown}
 q - a scroll of silence {unknown}
 s - a scroll of acquirement {unknown}
Potions
 b - 3 potions of curing {unknown}
 e - a potion of attraction {unknown}
 f - a potion of magic {unknown}
 g - a potion of brilliance {unknown}
 l - a potion of flight {unknown}
 m - a potion of haste {unknown}


   Skills:
 - Level 3.2 Fighting
 - Level 2.6 Dodging
 - Level 2.1 Stealth
 + Level 5.8 Unarmed Combat


You had 3 spell levels left.
You didn't know any spells.
Your spell library contained the following spells:

 Spells                   Type           Power      Damage    Failure   Level
 Magic Dart               Conj           0%         1d3       47%         1
 Pain                     Necr           0%         1d4       47%         1
 Agony                    Necr           0%         N/A       100%        5
 Excruciating Wounds      Necr           0%         N/A       100%        5


Dungeon Overview and Level Annotations

Branches:
Dungeon (3/15)

Altars:


Innate Abilities, Weirdness & Mutations

You thrive by killing the living.
You are immune to poison.
You have sharp fingernails.
Your flesh is cold resistant. (rC+)
You are immune to negative energy. (rN+++)
You do not regenerate when monsters are visible.
You are immune to unholy pain and torment.


Message History

You kill the bat!
You see here a bat corpse.
A hobgoblin comes into view.
The hobgoblin shouts!
The hobgoblin barely misses you.
You scratch the hobgoblin but do no damage.
You claw the hobgoblin.
You kill the hobgoblin!
You see here a hobgoblin corpse.
Found a plate armour.
Found 15 stones.
A quokka comes into view.
Found a stone staircase leading up.
The quokka moves out of view.
A giant cockroach comes into view.
Found a short sword.
Found a scroll labelled ITUTHR ZYGAIDICK.
You see here a +0 short sword.
The helpless giant cockroach fails to defend itself.
You scratch the giant cockroach.
The giant cockroach is lightly wounded.
The giant cockroach misses you.
You scratch the giant cockroach.
The giant cockroach is severely wounded.
The giant cockroach bites you.
You barely miss the giant cockroach.
The giant cockroach is severely wounded.
The giant cockroach bites you but does no damage.
You scratch the giant cockroach but do no damage.
The giant cockroach is severely wounded.
The giant cockroach bites you but does no damage.
You barely miss the giant cockroach.
The giant cockroach is severely wounded.
The giant cockroach bites you but does no damage.
You claw the giant cockroach!
You kill the giant cockroach!
You feel better.
You see here a giant cockroach corpse.
s - a scroll labelled ITUTHR ZYGAIDICK
Found an escape hatch in the ceiling.
Are you sure you want to abandon this character and quit the game? (Confirm with "yes".)

## .... #. ... #
#. ... .##.# ..
.... .# #..#.#
#...#
#@##########
#####.##.....<.#
#..............#
#..##.#........#
###............#
##...........#
##..........#
##...##.####
##........#


There were no monsters in sight!

Vanquished Creatures
  3 gnolls (D:3)
  2 adders (D:2)
  4 endoplasms
  2 giant cockroaches
  5 goblins
  4 hobgoblins
  A jackal (D:1)
  A quokka (D:1)
  5 ball pythons
  6 bats
  4 frilled lizards
  11 kobolds
  4 rats
52 creatures vanquished.

Vanquished Creatures (others)
  2 fungi (D:1)
  A plant (D:1)
3 creatures vanquished.

Grand Total: 55 creatures vanquished

Notes
Turn   | Place    | Note
-------+----------+-------------------------------------------
     0 | D:1      | elagabalus the Ghoul Monk began the quest for the Orb.
     0 | D:1      | Reached XP level 1. HP: 19/19 MP: 0/0
   285 | D:1      | Reached XP level 2. HP: 17/26 MP: 1/1
   341 | D:1      | Reached skill level 4 in Unarmed Combat
   515 | D:1      | Found a faded altar of an unknown god.
   523 | D:1      | Got Plato's Papyrus of Confrontation
   680 | D:1      | Reached XP level 3. HP: 30/31 MP: 2/2
   854 | D:2      | Reached skill level 5 in Unarmed Combat
  1162 | D:2      | Reached XP level 4. HP: 28/38 MP: 3/3
  1869 | D:3      | Quit the game

Illustrated notes

Levels and vault maps discovered:
D:1:      dpeg_arrival_brainrot, layout_loops_cross,
          shapermc_ecumenical_altar_rom_forum, minmay_octomino_e4
D:2:      layout_loops_corners, skrybe_limestone_x
D:3:      layout_loops_cross, wad_orctagon

Skill      XL: |  1  2  3 |
---------------+----------+-----
Unarmed Combat | 4 5 |  5.8
Fighting       | |  3.2
Dodging        | |  2.6
Stealth        | |  2.1

Action                   |  1- 3 |  4- 6 || total
-------------------------+-------+-------++-------
Melee: Unarmed           |   120 |    32 ||   152
       Punch             |     1 |     1 ||     2
  Use: Scroll            |     2 |       ||     2
 Stab: Sleeping          |     3 |     1 ||     4
Armor: Robe              |    34 |     6 ||    40
Dodge: Dodged            |    55 |    11 ||    66

Table legend: (Time is in decaauts)
 A = Elapsed time spent in this place.
 B = Non-inter-level travel time spent in this place.
 C = Inter-level travel time spent in this place.
 D = Time resting spent in this place.
 E = Time spent auto-exploring this place.
 F = Levels seen in this place.
 G = Mean time per level.
                   A        B        C        D        E       F      G
               +--------+--------+--------+--------+--------+-----+--------+
         Total |   1854 |    526 |   1328 |      0 |      0 |   3 |  618.0 |
       Dungeon |   1854 |    526 |   1328 |      0 |      0 |   3 |  618.0 |
               +--------+--------+--------+--------+--------+-----+--------+

Top non-repeatable levels by time:
     D:2: 931 daAuts
     D:1: 720 daAuts
     D:3: 203 daAuts
